 Dungeon Crawl Stone Soup version 0.23.2-33-g5129a83184 (webtiles) character file.

Game seed: 13653883652884589940

312 H0rd4k the Charlatan (level 6, -7/44 HPs)
             Began as a Human Artificer on Aug 7, 2019.
             Mangled by an ogre
             ... wielding a +0 giant club
              (14 damage)
             ... on level 4 of the Dungeon.
             The game lasted 00:03:37 (2581 turns).

H0rd4k the Charlatan (Human Artificer)              Turns: 2581, Time: 00:03:38

Health: -7/44      AC: 11    Str: 14    XL:     6   Next: 71%
Magic:  8/8        EV:  7    Int: 11    God:
Gold:   122        SH:  0    Dex: 14    Spells: 5/5 levels left

rFire    + . .     SeeInvis .   k - +2 hand axe (venom)
rCold    . . .     Gourm    .   (no shield)
rNeg     . . .     Faith    .   p - +0 chain mail {rF+}
rPois    .         Spirit   .   (no helmet)
rElec    .         Reflect  .   s - +0 cloak
rCorr    .         Harm     .   (no gloves)
MR       .....                  o - +1 pair of boots
Stlth    ..........             (no amulet)
HPRegen  0.14/turn              (no ring)
MPRegen  0.11/turn              (no ring)

@: no status effects
A: no striking features
a: no special abilities


You were on level 4 of the Dungeon.
You were not hungry.

You visited 1 branch of the dungeon, and saw 4 of its levels.

You collected 122 gold pieces.

Inventory:

Hand Weapons
 a - a +0 short sword
 k - a +2 hand axe of venom (weapon)
 m - a cursed -3 war axe
 x - a +0 blowgun
Missiles
 z - 29 poisoned needles
Armour
 b - a +0 leather armour
 o - a +1 pair of boots (worn)
 p - a +0 chain mail of fire resistance (worn)
 s - a +0 cloak (worn)
Jewellery
 y - an uncursed ring of flight
Wands
 c - a wand of flame (14)
 d - a wand of enslavement (15)
 e - a wand of random effects (15)
 q - a wand of paralysis (7)
Scrolls
 h - a scroll of enchant weapon {unknown}
 l - a scroll of enchant armour {unknown}
 n - a scroll of blinking {unknown}
 r - a scroll of fog {unknown}
 t - a scroll of magic mapping {unknown}
 u - 4 scrolls of identify {unknown}
Potions
 g - 2 potions of curing {unknown}
 i - a potion of brilliance {unknown}
 j - a potion of invisibility {unknown}
 v - a potion of resistance {unknown}
 w - 2 potions of haste {unknown}
Comestibles
 f - 8 rations
 A - 2 chunks of flesh


   Skills:
 + Level 2.2 Fighting
 + Level 2.1 Short Blades
 + Level 3.6 Axes
 + Level 1.6 Armour
 + Level 3.0 Dodging
 + Level 1.0 Stealth
 + Level 3.7 Evocations


You had 5 spell levels left.
You didn't know any spells.
Your spell library was empty.

Dungeon Overview and Level Annotations

Branches:
Dungeon (4/15)
 Temple: D:4-7

Altars:
Cheibriados
Sif Muna
Xom

Annotations:
D:3 exclusion: 2 downstairs
D:4 Natasha


Message History

There is a stone staircase leading up here.
You slash the centaur skeleton!
The centaur skeleton is moderately damaged.
The centaur skeleton hits you but does no damage. x2
You slash the centaur skeleton!
The centaur skeleton is heavily damaged.
The centaur skeleton barely misses you.
You slash the centaur skeleton!
The centaur skeleton is severely damaged.
The centaur skeleton hits you. x2
You hit the centaur skeleton.
The centaur skeleton is almost destroyed.
You barely miss the ogre.
The centaur skeleton hits you but does no damage.
The ogre hits you with a +0 giant club!
* * * LOW HITPOINT WARNING * * *
The centaur skeleton hits you.
* * * LOW HITPOINT WARNING * * *
The ogre hits you with a +0 giant club!
You die...

#....................#
.....................#
............#.........
...........##......##
.........<.........#
#..>........##.##
##l........## ...
...####OZZl......# ....
.......@#.......###.....
........#......##.......
.....##.#...............
.........##............. ...
#.....#............. ..#
#...................
##.###....#..............
#####..##....###...........<.
#ยง#5##.##....#
#.#..........#


You could see an ogre, an iguana, a frilled lizard, a quokka skeleton and a
centaur skeleton.

Vanquished Creatures
  A quasit (D:4)
  An orc wizard (D:3)
  2 orc priests
  A bullfrog skeleton (D:4)
  3 gnolls (D:3)
  4 adders
  A worm (D:3)
  3 leopard geckos
  11 orcs (D:3)
  A ball python (D:3)
  8 bats
  8 giant cockroaches
  4 goblins
  12 hobgoblins
  4 jackals (D:1)
  7 kobolds
  5 frilled lizards
  9 rats
85 creatures vanquished.

Notes
Turn   | Place    | Note
-------+----------+-------------------------------------------
     0 | D:1      | H0rd4k the Human Artificer began the quest for the Orb.
     0 | D:1      | Reached XP level 1. HP: 15/15 MP: 3/3
   218 | D:1      | Reached XP level 2. HP: 20/21 MP: 4/4
   702 | D:1      | Reached XP level 3. HP: 24/26 MP: 5/5
  1037 | D:2      | Reached skill level 1 in Armour
  1037 | D:2      | Reached XP level 4. HP: 23/32 MP: 6/6
  1602 | D:3      | Reached skill level 1 in Axes
  1641 | D:3      | Reached XP level 5. HP: 32/37 MP: 7/7
  1755 | D:3      | Found a snail-covered altar of Cheibriados.
  1755 | D:3      | Found a deep blue altar of Sif Muna.
  1872 | D:3      | Reached XP level 6. HP: 31/44 MP: 8/8
  2553 | D:4      | Found a shimmering altar of Xom.
  2555 | D:4      | Noticed Natasha
  2557 | D:4      | Noticed an ogre
  2581 | D:4      | Mangled by an ogre

Skill      XL: |  1  2  3  4  5  6 |
---------------+-------------------+-----
Short Blades   | 2 |  2.1
Armour         | 1 |  1.6
Axes           | 1 2 3 |  3.6
Fighting       | 2 |  2.2
Dodging        | 3 |  3.0
Stealth        | |  1.0
Evocations     | |  3.7

Action                   |  1- 3 |  4- 6 || total
-------------------------+-------+-------++-------
Melee: Short sword       |    76 |       ||    76
       Hand axe          |    23 |   152 ||   175
Evoke: Wand              |       |     1 ||     1
  Eat: Chunk             |       |     6 ||     6
Armor: Leather armour    |    28 |     4 ||    32
       Chain mail        |       |   104 ||   104
Dodge: Dodged            |    84 |    68 ||   152
